 Dungeon Sprint DCSS version 0.31-a0-636-ge1c0e020e0 (webtiles) character file.

Game seed: 13057239728209395858

2091 Conn the Arsonist (level 9, -4/54 HPs)
             Began as an Octopode Fire Elementalist on Aug 26, 2023.
             Was a Believer of Sif Muna.
             Slain by a hornet (15 damage)
             ... in the Dungeon (Sprint II: "The Violet Keep of Menkaure").
             The game lasted 00:07:32 (891 turns).

Conn the Arsonist (Octopode Fire Elementalist)       Turns: 891, Time: 00:07:33

Health: -4/54      AC:  3    Str:  8    XL:     9   Next: 27%
Magic:  10/23      EV: 15    Int: 21    God:    Sif Muna [**....]
Gold:   401        SH:  0    Dex: 12    Spells: 11/28 levels left

rFire   . . .        (no weapon)
rCold   . . .        (no shield)
rNeg    . . .        r - +2 hat {Stlth+}
rPois   .            (no amulet)
rElec   .            (no ring)
rCorr   .            (no ring)
SInv    .            (no ring)
Will    .....        (no ring)
Stlth   ++++++       (no ring)
HPRegen 0.29/turn    (no ring)
MPRegen 0.18/turn    (no ring)
                     (no ring)

%: no teleportation
@: slowed, very slow
A: almost no armour, amphibious, 8 rings, camouflage 1, gelatinous body 1,
nimble swimmer 1, tentacles
a: Renounce Religion, Channel Magic


You were in the Dungeon.
You worshipped Sif Muna.
Sif Muna was pleased with you.
You visited 1 branch You collected 885 gold pieces.
You spent 484 gold pieces at shops.

Inventory:

Armour
 e - the orb of Qungat {mayhem, Rampage Will+ Str-3 SInv}
   (You bought it in a shop in the Dungeon)

   Str-3:     It affects your strength (-3).
   Will+:     It increases your willpower.
   SInv:      It lets you see invisible.
   Rampage:   It bestows one free step when moving towards enemies.
 r - a +2 hat of stealth (worn)
Scrolls
 f - a scroll of blinking
 g - a scroll of vulnerability
 h - 2 scrolls of amnesia
 i - a scroll of enchant weapon
 o - a scroll of fog
 p - a scroll of immolation
Potions
 a - 6 potions of magic
 c - 2 potions of heal wounds
 d - 3 potions of haste
 k - 2 potions of enlightenment
 l - 2 potions of resistance
 n - a potion of attraction {unknown}


   Skills:
 + Level 1.9 Fighting
 + Level 5.7 Dodging
 - Level 6.0 Stealth
 - Level 0.9 Unarmed Combat
 + Level 10.0 Spellcasting
 * Level 6.6 Conjurations
 * Level 6.2 Summonings
 + Level 13.5 Fire Magic


You had 11 spell levels left.
You knew the following spells:

 Your Spells              Type           Power      Damage    Failure   Level
a - Foxfire               Conj/Fire      100%       2x1d9     1%          1
b - Scorch                Fire           100%       2d9       1%          2
c - Inner Flame           Hex/Fire       39%        N/A       1%          3
d - Flame Wave            Conj/Fire      52%        2d13      1%          4
e - Summon Guardian Gole  Hex/Summ       23%        N/A       5%          3
f - Call Canine Familiar  Summ           36%        N/A       1%          3
g - Summon Small Mammal   Summ           100%       N/A       1%          1

Your spell library contained the following spells:

 Spells                   Type           Power      Damage    Failure   Level
 Volatile Blastmotes      Fire/Tloc      78%        2d16      1%          3
 Sticky Flame             Conj/Fire      52%        2d7       1%          4
 Ignite Poison            Fire/Tmut/Pois 29%        N/A       3%          3
 Ignition                 Fire           30%        3d10      85%         8


Dungeon Overview and Level Annotations

Branches:
Dungeon (1/1)

Altars:
Cheibriados
Dithmenos
Elyvilon
Fedhas
Gozag
Hepliaklqana
Kikubaaqudgha
Makhleb
Nemelex Xobeh
Okawaru
Qazlal
Ru
Sif Muna
Trog
Uskayaw
Vehumet
Wu Jian
Xom
Yredelemnul
Zin
The Shining One
Jiyva
Lugonu

Shops:
D ::[(!?(==[[:*![

Annotations:
D exclusions: ice statue, obsidian statue and oklob plant


Innate Abilities, Weirdness & Mutations

You cannot wear most types of armour.
You are amphibious.
You can wear up to eight rings at the same time.
Your skin changes colour to match your surroundings (Stealth+).
Your rubbery body absorbs attacks. (AC +1, EV +1)
You are camouflaged when in or above water. (Stealth+)
You have tentacles for arms and can constrict up to eight enemies at once.


Message History

Unknown command.
A wave of flame ripples out!
The flame wave engulfs the hornet.
The hornet is severely wounded.
The flame wave engulfs the polar bear!
The polar bear is moderately wounded.
You finish channelling waves of flame.
You hear an angry growl.
The hornet stings you!
You feel yourself slow down.
The hornet is engulfed in a cloud of scalding steam.
The hornet stings you but does no damage.
Unknown command.
Unknown command.
Casting: Flame Wave (dangerous; 1% risk of failure)
Confirm with . or Enter, or press ? or * to list all spells.
Casting: Flame Wave (dangerous; 1% risk of failure)
Press: ? - help, Dir - look around, f - activate A wave of flame ripples out!
The flame wave engulfs the hornet but does no damage.
The hornet is severely wounded. (Press . to intensify the flame waves.)
You are engulfed in a cloud of scalding steam.
You feel yourself speed up.
The hornet is engulfed in a cloud of scalding steam.
The hornet closely misses you.
The hornet is engulfed in a cloud of scalding steam.
The hornet stings you!
You are poisoned.
You suddenly lose the ability to move!
The polar bear is engulfed in a cloud of scalding steam.
You feel very sick. The hornet stings you!
* * * LOW HITPOINT WARNING * * *
You feel yourself slow down.
The polar bear is engulfed in a cloud of scalding steam.
The hornet stings you!
* * * LOW HITPOINT WARNING * * *
You feel as though you will be slow longer.
You can move again.
You feel better. The hornet stings you!
You die...

#..# #○}▓).....).▓▓ ## ##
+.####:|▓.).)....▓▓ .# ...#
...####▓...%.).)▓▓ ####v.## #^.#
c#▓[..).)..▓▓ ##.##§.# +^.#
y#▓.([...[.▓▓ #...#.§# #..#
h#▓).(...)(▓▓
†##.+..####..##.#▓...[....▓▓
#.###....###^..##▓▓▓▓▓▓▓'▓▓▓▓+▓
#.##......~~§hy@~~~~~~~...≈≈≈▓
###~~.....~#'########§###.≈≈≈▓
l#~~~~~~~§.~#....._._#§~§##≈≈≈▓
##~~~§~~§~.~#...._._.#§~≈≈####▓▓
#§~~≈§≈~~~~~#..._._._#~§~§≈##..#
~~~~~§≈§§~~~#.._._._.#§~§§≈§#..#
++#~≈§§§≈≈§~#._._._._#~~§~§§'..+
. ##≈§≈###≈≈#_._._._.#~~~~≈§#.§#
...##§§# #§§#._._._..#~§§≈≈≈▓.§#


You could see a polar bear and a hornet.

Vanquished Creatures
  2 deep trolls (D)
  A polar bear (D)
  A vampire mosquito (D)
  Menkaure (D)
  4 water moccasins (D)
  4 necrophages (D)
  3 worms (D)
16 creatures vanquished.

Vanquished Creatures (others)
  65 foxfires (D)
  8 tentacles (D)
73 creatures vanquished.

Grand Total: 89 creatures vanquished

Notes
Turn   | Place    | Note
-------+----------+-------------------------------------------
     0 | D        | Conn the Octopode Fire Elementalist began the quest for the
                  | Orb.
     0 | D        | Reached XP level 1. HP: 11/11 MP: 3/3
     1 | D        | Noticed a boulder beetle
     1 | D        | Noticed a boulder beetle
     4 | D        | Noticed a necrophage
     4 | D        | Noticed a necrophage
     4 | D        | Noticed a necrophage
     4 | D        | Noticed a necrophage
     8 | D        | Killed a necrophage
     9 | D        | Reached skill level 6 in Fire Magic
     9 | D        | Reached XP level 2. HP: 17/17 MP: 3/6
     9 | D        | Reached XP level 3. HP: 21/21 MP: 4/8
     9 | D        | Reached XP level 4. HP: 27/27 MP: 4/9
    12 | D        | Killed a necrophage
    13 | D        | Reached skill level 7 in Fire Magic
    13 | D        | Reached XP level 5. HP: 31/31 MP: 4/11
    18 | D        | Reached skill level 5 in Stealth
    18 | D        | Reached skill level 8 in Fire Magic
    22 | D        | Reached skill level 5 in Spellcasting
    22 | D        | Reached skill level 9 in Fire Magic
    22 | D        | Reached XP level 6. HP: 37/37 MP: 5/13
    31 | D        | Learned a level 2 spell: Scorch
    35 | D        | Learned a level 3 spell: Inner Flame
    40 | D        | Learned a level 4 spell: Flame Wave
    50 | D        | Noticed a wyvern
    50 | D        | Noticed a wyvern
    71 | D        | Noticed a water moccasin
    90 | D        | Noticed an obsidian statue
    92 | D        | Noticed Menkaure
    99 | D        | Killed Menkaure
   100 | D        | Reached skill level 1 in Fighting
   100 | D        | Reached skill level 5 in Dodging
   100 | D        | Reached skill level 10 in Fire Magic
   102 | D        | Found Yvvoh's Distillery.
   102 | D        | Found Qibul's Armour Emporium.
   103 | D        | Found Oddeorijoe's Book Shoppe.
   103 | D        | Found Peneadil's Antique Armour Emporium.
   103 | D        | Found Jaweh's Assorted Antiques.
   104 | D        | Found Egiufih's Jewellery Shoppe.
   104 | D        | Found Dugirgh's Jewellery Emporium.
   104 | D        | Found Ogipan's Antique Armour Emporium.
   104 | D        | Found Bazowell's Antique Weapon Shoppe.
   105 | D        | Found Zuoka's Magic Scroll Shoppe.
   105 | D        | Found Nyserhec's Distillery.
   108 | D        | Found Xawkid's Antique Weapon Shoppe.
   108 | D        | Found Neur's Armour Emporium.
   108 | D        | Noticed a great orb of eyes
   108 | D        | Noticed an oklob plant
   109 | D        | Found Enosut's Book Shoppe.
   109 | D        | Found Bageucec's Book Shoppe.
   109 | D        | Noticed an ice dragon
   116 | D        | Noticed an iron elemental
   138 | D        | Bought a scorched orb for 224 gold pieces
   138 | D        | Identified the orb of Qungat {mayhem, Rampage Will+ Str-3
                  | SInv} (You bought it in a shop in the Dungeon)
   147 | D        | Bought a book of Callings for 260 gold pieces
   151 | D        | Learned a level 3 spell: Summon Guardian Golem
   155 | D        | Learned a level 3 spell: Call Canine Familiar
   157 | D        | Learned a level 1 spell: Summon Small Mammal
   170 | D        | Noticed a vampire mosquito
   173 | D        | Killed a vampire mosquito
   174 | D        | Reached skill level 1 in Summonings
   174 | D        | Reached skill level 11 in Fire Magic
   174 | D        | Reached XP level 7. HP: 39/43 MP: 6/17
   183 | D        | Noticed an ice statue
   193 | D        | Found a snail-covered altar of Cheibriados.
   193 | D        | Found a hazy altar of Hepliaklqana.
   198 | D        | Found a shadowy altar of Dithmenos.
   198 | D        | Found a viscous altar of Jiyva.
   199 | D        | Found a white marble altar of Elyvilon.
   199 | D        | Found an ancient bone altar of Kikubaaqudgha.
   200 | D        | Found a blossoming altar of Fedhas.
   200 | D        | Found a corrupted altar of Lugonu.
   200 | D        | Found a shimmering blue altar of Sif Muna.
   201 | D        | Found an opulent altar of Gozag.
   201 | D        | Found a burning altar of Makhleb.
   201 | D        | Found a bloodstained altar of Trog.
   202 | D        | Found a sparkling altar of Nemelex Xobeh.
   202 | D        | Found a hide-covered altar of Uskayaw.
   203 | D        | Found a basalt altar of Yredelemnul.
   204 | D        | Found an iron altar of Okawaru.
   204 | D        | Found a radiant altar of Vehumet.
   204 | D        | Found a glowing silver altar of Zin.
   204 | D        | Found a sacrificial altar of Ru.
   204 | D        | Found a shimmering altar of Xom.
   205 | D        | Found a stormy altar of Qazlal.
   205 | D        | Found an ornate altar of the Wu Jian Council.
   205 | D        | Found a glowing golden altar of the Shining One.
   211 | D        | Became a worshipper of Sif Muna the Loreminder
   226 | D        | Noticed a kraken
   490 | D        | Noticed a flying skull
   492 | D        | Reached * piety under Sif Muna
   493 | D        | Reached skill level 12 in Fire Magic
   493 | D        | Reached XP level 8. HP: 48/48 MP: 14/19
   493 | D        | Noticed a flying skull
   493 | D        | Noticed a flying skull
   494 | D        | Noticed a flying skull
   495 | D        | Noticed a flying skull
   495 | D        | Noticed a flying skull
   500 | D        | Noticed a deep troll
   501 | D        | Noticed a deep troll
   679 | D        | Killed a deep troll
   680 | D        | Reached skill level 5 in Conjurations
   680 | D        | Reached skill level 5 in Summonings
   756 | D        | Killed a deep troll
   757 | D        | Reached skill level 13 in Fire Magic
   757 | D        | Reached XP level 9. HP: 43/54 MP: 0/22
   881 | D        | Noticed a yaktaur
   881 | D        | Noticed a hornet
   881 | D        | Noticed a polar bear
   882 | D        | Noticed a polar bear
   887 | D        | Killed a polar bear
   887 | D        | Reached ** piety under Sif Muna
   888 | D        | Reached skill level 10 in Spellcasting
   889 | D        | Paralysed by a hornet for 2 turns
   890 | D        | HP: 1/54 [hornet (9)]
   891 | D        | Slain by a hornet

Illustrated notes

Levels and vault maps discovered:
D:        the_violet_keep_of_menkaure [sprint2_stairs_cluster_1,
          sprint2_shoproom, sprint2_temple, sprint2_basic_supplies,
          sprint2_obstacle_2, sprint2_obstacle_6, sprint2_obstacle_3,
          sprint2_obstacle_4, sprint2_obstacle_1, sprint2_timed_cluster_1,
          sprint2_smallroom_cluster_1, sprint2_smallroom_final_cluster_1,
          sprint2_transparent_cluster_1, sprint2_second_timed_cluster_1,
          sprint2_sniper_area_1, sprint2_heavy_combat_area_1,
          sprint2_mutation_trap_area_1, sprint2_forest_area_1,
          sprint2_light_combat_area_1, sprint2_behind_water_1,
          sprint2_near_end_vault_1]

Skill      XL: |  1  2  3  4  5  6  7  8  9 |
---------------+----------------------------+-----
Dodging        | 3 4 5 |  5.7
Stealth        | 4 5 6 |  6.0
Spellcasting   | 3 4 5 6 7 9 10 | 10.0
Fire Magic     | 6 7 9 11 12 13 | 13.5
Fighting       | 1 |  1.9
Conjurations   | 3 4 6 |  6.6
Summonings     | 1 3 6 |  6.2
Unarmed Combat | |  0.9

Action                     |  1- 3 |  4- 6 |  7- 9 || total
---------------------------+-------+-------+-------++-------
  Melee: Unarmed           |     3 |    17 |     1 ||    21
         Constrict         |     1 |     4 |     1 ||     6
         Tentacles         |     1 |     4 |     1 ||     6
         Punch             |       |     1 |       ||     1
   Cast: Scorch            |       |    10 |    20 ||    30
         Foxfire           |       |     1 |    35 ||    36
         Flame Wave        |       |       |     2 ||     2
    Use: Potion            |     1 |       |     4 ||     5
         Scroll            |       |       |     8 ||     8
 Armour: Skin              |       |     1 |     3 ||     4
  Dodge: Dodged            |       |     9 |    11 ||    20

Table legend: (Time is in decaauts)
 A = Elapsed time spent in this place.
 B = Non-inter-level travel time spent in this place.
 C = Inter-level travel time spent in this place.
 D = Time resting spent in this place.
 E = Time spent auto-exploring this place.
 F = Levels seen in this place.
 G = Mean time per level.
                   A        B        C        D        E       F      G
               +--------+--------+--------+--------+--------+-----+--------+
         Total |    879 |    879 |      0 |    277 |      0 |   1 |  879.0 |
       Dungeon |    879 |    879 |      0 |    277 |      0 |   1 |  879.0 |
               +--------+--------+--------+--------+--------+-----+--------+

Top non-repeatable levels by time:
       D: 879 daAuts
